 Dungeon Crawl Stone Soup version 0.24.0-123-gd5b16e6ec5 (webtiles) character file.

Game seed: 10546356973126112256, levelgen mode: deterministic

326 Elellon the Digger (level 6, -2/32 HPs)
             Began as a Gargoyle Earth Elementalist on Jan 22, 2020.
             Killed by divine providence
             ... invoked by an orc priest
              (15 damage)
             ... on level 4 of the Dungeon.
             The game lasted 00:12:01 (4300 turns).

Elellon the Digger (Gargoyle Earth Elementalist)    Turns: 4300, Time: 00:12:02

Health: -2/32      AC:  6    Str: 11    XL:     6   Next: 49%
Magic:  9/12       EV: 12    Int: 18    God:
Gold:   251        SH:  0    Dex: 10    Spells: 10/14 levels left

rFire    . . .     SeeInvis .   i - +0 mace
rCold    . . .     Gourm    .   (no shield)
rNeg     + . .     Faith    .   c - +0 robe
rPois    ∞         Spirit   .   (no helmet)
rElec    +         Reflect  .   (no cloak)
rCorr    .         Harm     .   (no gloves)
MR       .....                  (no boots)
Stlth    ++........             (no amulet)
HPRegen  0.10/turn              (no ring)
MPRegen  0.13/turn              (no ring)

@: no status effects
A: negative energy resistance 1, electricity resistance, unbreathing,
petrification resistance, rot immunity, AC +4
a: no special abilities


You were on level 4 of the Dungeon.
You were not hungry.

You visited 2 branches of the dungeon, and saw 5 of its levels.

You collected 251 gold pieces.

Inventory:

Hand Weapons
 i - a +0 mace (weapon)
 t - a +0 flail
Missiles
 b - 7 stones (quivered)
Armour
 c - a +0 robe (worn)
Jewellery
 o - a +2 ring of strength {unknown}
Scrolls
 g - a scroll of magic mapping {unknown}
 h - a scroll of teleportation {unknown}
 j - 2 scrolls of fear {unknown}
 k - a scroll of noise {unknown}
 l - a scroll of enchant armour {unknown}
 m - 2 scrolls of remove curse {unknown}
 n - 3 scrolls of identify {unknown}
 p - 2 scrolls of immolation {unknown}
 u - a scroll of enchant weapon {unknown}
Potions
 a - 3 potions of flight {unknown}
 e - a potion of haste {unknown}
 q - a potion of degeneration {unknown}
 r - a potion of cancellation {unknown}
 s - 2 potions of berserk rage {unknown}
Comestibles
 d - 8 rations
 f - 2 chunks of flesh


   Skills:
 + Level 0.0 Fighting
 + Level 1.5 Dodging
 - Level 2.1 Stealth
 + Level 4.5 Spellcasting
 + Level 0.0 Conjurations
   Level 0.7 Transmutations
 + Level 6.5 Earth Magic


You had 10 spell levels left.
You knew the following spells:

 Your Spells              Type           Power        Failure   Level  Hunger
a - Sandblast             Erth           ####..       1%          1    None
b - Stone Arrow           Conj/Erth      ###...       11%         3    ###....

Your spell library contained the following spells:

 Spells                   Type           Power        Failure   Level  Hunger
 Passwall                 Tmut/Erth      ###.....     4%          2    #......
 Confusing Touch          Hex            #.....       14%         1    None
 Lee's Rapid Deconstruct  Erth           ####......   26%         5    ######.
 Petrify                  Tmut/Erth      ###.....     30%         4    ####...
 Confuse                  Hex            #.......     38%         3    ###....
 Gell's Gravitas          Tloc           #.........   38%         3    ###....
 Metabolic Englaciation   Hex/Ice        #.........   98%         5    ######.
 Yara's Violent Unravell  Hex/Tmut       #.........   98%         5    ######.


Dungeon Overview and Level Annotations

Branches:
Dungeon (4/15)             Temple (1/1) D:4

Altars:
Ashenzari
Cheibriados
Dithmenos
Elyvilon
Fedhas
Hepliaklqana
Kikubaaqudgha
Makhleb
Qazlal
Ru
Trog
Xom
Yredelemnul
The Shining One


Innate Abilities, Weirdness & Mutations

You are resistant to torment.
Your stone body is resilient. (AC +4)
You are immune to poison.
You resist negative energy. (rN+)
You are resistant to electric shocks. (rElec)
You can survive without breathing.
You are immune to petrification.
You are immune to rotting.


Message History

Aiming: Sandblast (safe; 1% risk of failure)
Press: ? - help, Shift-Dir - straight line, f - worker ant
Aim: a worker ant The blast of sand hits the worker ant.
The worker ant is lightly wounded.
b - 8 stones The orc wizard mumbles some strange words.
The orc wizard blinks!
Casting: Sandblast (safe; 1% risk of failure)
Confirm with . or Enter, or press ? or * to list all spells.
Aiming: Sandblast (safe; 1% risk of failure)
Press: ? - help, Shift-Dir - straight line, f/p - worker ant
Aim: a worker ant (lightly wounded)
The blast of sand hits the worker ant.
The worker ant is moderately wounded.
b - 7 stones The worker ant closely misses you.
The worker ant bites you.
The orc priest invokes the aid of Beogh against you.
Beogh smites you!
You die...

.....# #.# #. #.##<#
#.##+#. #.# #.
#.########.#.... #.#
#. ................
#.# #.
#.########...... #.#
#. #.# #...... #.# #.
#.# #...... #.# #.
#.# #...?..####o###
#. #.# #...@a.oo..#
#. #.#
###.####.#.#########.
#.# #. #.#.#.........
#.# #. #.#.#.#######.
#.########..#
#.####o#o#.#######.
.....÷.......
........o..........
.............
........)..####.##.
.............
...........# # #.
..........>..
..........## #.


You could see a worker ant, an orc priest, an orc wizard and an orc.

Vanquished Creatures
  An ogre (D:4)
  A hound (D:4)
  An iguana (D:3)
  An orc wizard (D:3)
  4 adders
  An ooze (D:3)
  3 worms
  3 dart slugs
  6 leopard geckos
  9 orcs
  2 ball pythons
  3 giant cockroaches
  8 hobgoblins
  14 jackals
  A quokka (D:3)
  9 bats
  A frilled lizard (D:1)
  6 goblins
  9 kobolds
  5 rats
88 creatures vanquished.

Notes
Turn   | Place    | Note
-------+----------+-------------------------------------------
     0 | D:1      | Elellon the Gargoyle Earth Elementalist began the quest for
                  | the Orb.
     0 | D:1      | Reached XP level 1. HP: 10/10 MP: 3/3
    80 | D:1      | Reached XP level 2. HP: 3/15 MP: 1/5
   332 | D:1      | Reached skill level 4 in Earth Magic
   827 | D:1      | Reached XP level 3. HP: 17/19 MP: 2/6
  1583 | D:2      | Reached XP level 4. HP: 24/24 MP: 4/8
  1867 | D:2      | Reached skill level 5 in Earth Magic
  2305 | D:2      | Found a stormy altar of Qazlal.
  2426 | D:3      | Found a blossoming altar of Fedhas.
  2735 | D:3      | Found a bloodstained altar of Trog.
  2928 | D:3      | Reached XP level 5. HP: 28/28 MP: 7/10
  3723 | D:4      | Reached skill level 6 in Earth Magic
  3723 | D:4      | Reached XP level 6. HP: 32/32 MP: 8/12
  3763 | D:4      | Found an ancient bone altar of Kikubaaqudgha.
  3794 | D:4      | Found a burning altar of Makhleb.
  3929 | D:4      | Found a staircase to the Ecumenical Temple.
  3938 | Temple   | Entered the Ecumenical Temple
  4180 | D:4      | Learned a level 3 spell: Stone Arrow
  4300 | D:4      | Killed from afar by an orc priest

Levels and vault maps discovered:
D:1:      dpeg_arrival_pits, layout_basic, serial_forest,
          infiniplex_forest_clump_cross, infiniplex_forest_lined_4_way,
          infiniplex_forest_clump_small, infiniplex_forest_lined_room_,
          infiniplex_forest_diagonal, infiniplex_forest_end_double,
          infiniplex_forest_straight_4, serial_park_tiny_pond
D:2:      layout_rooms, nicolae_qazlal_eye_of_the_storm
D:3:      layout_loops_corners, nicolae_overflow_crystal_walls, fedhas_altar_1,
          first_ration
D:4:      layout_basic, nemelex_xobeh_ov_fountains_minmay,
          nicolae_overflow_hidden_temple, kennysheep_mini,
          minmay_temple_entry_offerings
Temple:   compressed_dpeg_triangle_lava_temple

Skill      XL: |  1  2  3  4  5 |
---------------+----------------+-----
Earth Magic    | 4 5 6 |  6.5
Spellcasting   | 3 4 |  4.5
Dodging        | |  1.5
Stealth        | |  2.1
Transmutations | |  0.7

Action                   |  1- 3 |  4- 6 || total
-------------------------+-------+-------++-------
Melee: Unarmed           |    19 |       ||    19
       Mace              |       |    19 ||    19
Throw: Stone             |     3 |     1 ||     4
 Cast: Sandblast         |    46 |    95 ||   141
  Eat: Chunk             |     2 |     9 ||    11
Armor: Robe              |    16 |    21 ||    37
Dodge: Dodged            |    27 |    46 ||    73
